Map: [ESL] Stargazers

Players

SKillous

  • Race: Protoss Protoss
  • Spawn Location: 1:00

Serral - Winner!

  • Race: Zerg Zerg
  • Spawn Location: 11:00

Event: DreamHack SC2 Masters 2022 Atlanta (Online)

VOD

Have the link to the VOD?

Description

Time

  • Played on: Oct. 14, 2022, 12:58 p.m.
  • Length: 17:19

All games in this series

Show
View Real Time Build Order
Export as new Build Order

SKillous Protoss 

Build Orders: 1 Gate Expand, Oracle Opening, Zealot Archon 

Get SALT Encoding   

  12  0:00  Probe  
  13  0:12  Probe  
  14  0:17  Pylon  
  14  0:24  Probe (Chrono Boost)  
  15  0:36  Probe (Chrono Boost)  
  15  0:38  Gateway  
  16  0:45  Probe (Chrono Boost)  
  16  0:46  Assimilator  
  17  0:50  Probe  
  18  1:03  Probe  
  19  1:15  Probe  
  20  1:23  Nexus  
  20  1:33  Cybernetics Core  
  20  1:37  Probe  
  21  1:44  Assimilator  
  21  1:49  Probe  
  21  1:53  Pylon  
  22  2:01  Probe  
  23  2:09  Adept (Chrono Boost)  
  23  2:13  Probe  
  23  2:15  Stargate  
  26  2:23  Warp Gate  
  26  2:26  Probe (Chrono Boost)  
  27  2:32  Adept  
  27  2:35  Probe (Chrono Boost)  
  30  2:43  Probe (Chrono Boost)  
  32  2:44  Probe (Chrono Boost)  
  32  2:49  Probe x2 (Chrono Boost)  
  34  3:01  Probe x2, Void Ray (Chrono Boost)  
  40  3:06  Pylon  
  40  3:13  Probe  
  40  3:14  Probe  
  40  3:16  Gateway  
  42  3:25  Probe  
  43  3:27  Oracle (Chrono Boost), Probe  
  47  3:38  Probe  
  47  3:39  Probe  
  49  3:48  Nexus  
  49  3:52  Pylon  
  49  3:53  Probe  
  49  3:55  Probe  
  51  3:57  Oracle (Chrono Boost)  
  54  4:10  Probe x2  
  56  4:17  Nexus  
  56  4:22  Probe x2  
  58  4:26  Pylon  
  58  4:30  Assimilator  
  58  4:31  Assimilator  
  58  4:34  Probe  
  58  4:37  Probe  
  60  4:39  Twilight Council  
  60  4:41  Forge  
  60  4:46  Adept, Probe  
  60  4:49  Probe  
  65  5:01  Probe (Chrono Boost)  
  65  5:02  Probe (Chrono Boost)  
  67  5:07  Robotics Facility, Probe (Chrono Boost)  
  67  5:11  Probe (Chrono Boost)  
  67  5:12  Charge (Chrono Boost)  
  70  5:14  Protoss Ground Weapons Level 1  
  70  5:16  Probe x2 (Chrono Boost)  
  70  5:19  Gateway  
  71  5:22  Probe (Chrono Boost)  
  71  5:24  Probe (Chrono Boost)  
  71  5:27  Probe (Chrono Boost), Gateway  
  71  5:28  Gateway  
  74  5:31  Probe x2 (Chrono Boost)  
  74  5:32  Probe (Chrono Boost)  
  77  5:35  Templar Archives  
  77  5:40  Probe (Chrono Boost)  
  77  5:42  Gateway  
  78  5:43  Probe x2 (Chrono Boost)  
  78  5:45  Probe (Chrono Boost)  
  78  5:46  Gateway  
  78  5:47  Probe (Chrono Boost)  
  81  5:51  Probe x2  
  81  5:56  Observer, Probe (Chrono Boost)  
  85  5:57  Probe (Chrono Boost), Gateway  
  85  6:02  Gateway, Pylon  
  85  6:04  Probe (Chrono Boost)  
  88  6:09  Probe (Chrono Boost), Assimilator  
  88  6:10  Probe (Chrono Boost)  
  90  6:13  Probe x2 (Chrono Boost)  
  90  6:16  Immortal (Chrono Boost)  
  90  6:17  Probe (Chrono Boost)  
  90  6:18  Assimilator  
  92  6:22  Probe x3  
  92  6:24  Pylon  
  92  6:25  Assimilator  
  99  6:28  Probe  
  99  6:29  Assimilator  
  100  6:34  Probe x2, High Templar x3  
  100  6:36  Pylon  
  100  6:38  Pylon  
  100  6:39  Pylon  
  108  6:40  Pylon x2  
  108  6:42  Archon, Probe x2  
  110  6:47  Sentry, Warp Prism (Chrono Boost), High Templar  
  110  6:51  Archon  
  116  6:54  Probe x3  
  116  6:56  Pylon x2  
  116  6:58  Zealot x4  
  127  7:04  Photon Cannon  
  127  7:06  Pylon  
  127  7:07  High Templar  
  127  7:08  Zealot, High Templar  
  133  7:11  Archon  
  133  7:21  Probe  
  135  7:24  Protoss Ground Weapons Level 2 (Chrono Boost)  
  135  7:26  High Templar x2  
  135  7:27  Zealot x4  
  146  7:31  Blink  
  146  7:32  Nexus  
  146  7:34  Pylon  
  146  7:35  Observer (Chrono Boost)  
  144  7:40  Archon  
  144  7:41  Zealot x3  
  150  7:53  Immortal (Chrono Boost)  
  150  7:55  Zealot x4  
  162  8:01  Stalker x4  
  162  8:02  Stalker  
  170  8:08  Shield Battery, Photon Cannon  
  170  8:09  Shield Battery  
  161  8:13  Pylon  
  153  8:21  Stalker  
  153  8:22  Stalker x3  
  151  8:29  Immortal (Chrono Boost), Pylon  
  155  8:35  Zealot x3  
  155  8:39  Gateway x2  
  155  8:40  Gateway  
  161  8:41  Gateway  
  161  8:42  Gateway  
  161  8:43  Pylon  
  161  8:47  Zealot x4  
  165  8:58  Zealot  
  149  9:06  Warp Prism (Chrono Boost)  
  149  9:07  Zealot x4  
  130  9:22  Gateway x3  
  120  9:27  Gateway  
  120  9:28  Zealot x3  
  120  9:29  Zealot x2  
  122  9:32  Cybernetics Core  
  119  9:42  Pylon  
  119  9:43  High Templar x3  
  119  9:44  High Templar x2  
  129  9:47  Archon  
  129  9:48  Probe  
  129  9:49  Archon  
  130  9:54  Pylon  
  130  9:56  High Templar x3  
  130  9:57  High Templar  
  138  10:00  Archon, Immortal (Chrono Boost)  
  138  10:01  Archon  
  138  10:02  Zealot  
  138  10:06  Gateway  
  144  10:10  Gateway  
  144  10:15  Pylon  
  144  10:17  High Templar x2  
  144  10:18  High Templar x3  
  153  10:24  Archon x2  
  153  10:27  Archon  
  140  10:30  Probe  
  140  10:31  Probe x2  
  140  10:32  Immortal (Chrono Boost)  
  140  10:33  Photon Cannon  
  147  10:36  Shield Battery  
  147  10:39  High Templar x3  
  147  10:40  High Templar  
  155  10:43  Zealot x5, Archon  
  155  10:45  Archon  
  165  10:53  Zealot  
  167  11:02  Zealot x5  
  177  11:07  Observer (Chrono Boost)  
  177  11:09  Stalker x4  
  177  11:11  Photon Cannon  
  182  11:14  Shield Battery, Pylon  
  180  11:19  Zealot x4  
  182  11:39  Zealot x6  
  193  11:48  Pylon  
  193  11:52  Observer (Chrono Boost)  
  193  11:54  Photon Cannon  
  188  12:06  Nexus  
  186  12:08  Pylon  
  186  12:10  Zealot x6  
  186  12:11  Observer (Chrono Boost)  
  165  12:21  Zealot x6  
  171  12:27  Zealot x3  
  177  12:37  Forge  
  177  12:41  Twilight Council  
  173  12:44  High Templar x4  
  173  12:46  Zealot x2  
  173  12:50  Archon x2  
  185  12:52  Zealot x2  
  189  13:03  Immortal  
  173  13:15  Assimilator  
  165  13:21  Zealot x9  
  183  13:32  Protoss Ground Weapons Level 3 (Chrono Boost)  
  173  13:39  Psionic Storm  
  159  13:41  Immortal (Chrono Boost)  
  162  13:48  Assimilator  
  162  13:52  Assimilator  
  162  13:53  Shield Battery  
  162  13:56  Photon Cannon  
  157  14:08  High Templar x4  
  157  14:09  High Templar x2  
  169  14:10  Observer (Chrono Boost)  
  169  14:13  Zealot x5  
  180  14:19  Zealot x4  
  182  14:49  Fleet Beacon  
  182  14:55  Zealot  
  182  14:56  Forge  
  182  14:58  Protoss Air Weapons Level 1 (Chrono Boost)  
  184  15:09  Zealot x7  
  184  15:10  Zealot  
  183  15:26  Observer  
  109  15:29  Zealot x7  
  85  15:43  Zealot x4  
  85  15:44  Zealot x2  
  85  15:47  Observer  
  98  15:52  High Templar x3  
  98  15:53  High Templar x3  
  110  15:59  Probe x2  
  106  16:05  High Templar x2  
  106  16:06  High Templar x2  
  114  16:13  Archon x2  
  114  16:14  High Templar x3  
  114  16:15  High Templar  
  114  16:16  Oracle  
  123  16:19  Archon  
  123  16:20  Archon  
  118  16:34  High Templar x2  
  118  16:35  High Templar x2  
  118  16:38  Archon  
  118  16:39  Archon  
  126  16:41  Immortal (Chrono Boost), High Templar  
  126  16:42  High Templar x3  
  126  16:43  High Templar x2  
  142  16:49  Archon  
  142  16:50  Archon x2  
  142  16:55  Zealot x3  
  142  16:56  Zealot  
Show
View Real Time Build Order
Export as new Build Order

Serral Zerg - Winner!

Build Orders: Hatch First, Lurkers, Roach Hydra 

Get SALT Encoding   

  12  0:00  Drone  
  13  0:12  Overlord  
  13  0:17  Drone  
  14  0:30  Drone x2  
  16  0:48  Hatchery  
  15  0:51  Drone  
  15  0:55  Drone  
  17  0:58  Drone  
  18  1:10  Extractor  
  17  1:13  Spawning Pool  
  17  1:16  Drone  
  17  1:19  Drone  
  18  1:27  Drone  
  19  1:39  Drone  
  20  1:50  Overlord  
  20  2:00  Queen x2  
  26  2:01  Zergling x4  
  26  2:11  Drone x2  
  26  2:12  Metabolic Boost  
  28  2:21  Drone x2  
  30  2:35  Hatchery  
  29  2:37  Drone  
  29  2:39  Drone  
  31  2:46  Queen  
  31  2:51  Overlord  
  33  2:53  Drone  
  33  2:55  Drone  
  33  2:58  Drone  
  36  3:06  Overlord  
  36  3:09  Queen  
  36  3:12  Drone  
  39  3:13  Drone  
  39  3:15  Drone  
  39  3:18  Drone x2  
  43  3:22  Drone  
  43  3:25  Queen  
  46  3:30  Drone  
  46  3:32  Overlord  
  47  3:37  Overlord  
  47  3:44  Pneumatized Carapace  
  47  3:48  Drone  
  47  3:49  Drone  
  47  3:51  Spore Crawler  
  47  3:52  Drone  
  47  3:53  Spore Crawler, Zergling x2  
  47  3:54  Zergling x2  
  47  3:55  Drone  
  50  3:57  Drone  
  50  3:58  Drone  
  50  4:02  Drone x2  
  54  4:03  Drone  
  54  4:09  Zergling x2  
  56  4:10  Drone  
  56  4:13  Zergling x2, Overlord  
  56  4:15  Drone  
  59  4:19  Spore Crawler  
  59  4:20  Drone x2  
  59  4:23  Drone x2  
  62  4:27  Zergling x2  
  63  4:32  Overlord  
  63  4:33  Zergling x2  
  63  4:34  Drone x2, Roach Warren  
  63  4:36  Drone  
  66  4:40  Lair  
  66  4:42  Extractor, Overlord  
  65  4:46  Overlord  
  64  4:54  Drone x3  
  64  4:57  Drone x3  
  68  5:03  Zergling x2  
  68  5:04  Drone x2  
  68  5:05  Drone  
  72  5:09  Drone  
  72  5:10  Hatchery, Extractor, Evolution Chamber  
  72  5:12  Drone  
  72  5:13  Drone x2  
  73  5:15  Drone  
  73  5:16  Drone  
  73  5:20  Drone x4  
  79  5:30  Drone, Overlord  
  79  5:31  Drone x3, Extractor  
  79  5:32  Drone  
  83  5:36  Zerg Missile Weapons Level 1  
  83  5:37  Extractor x2  
  83  5:38  Spore Crawler  
  83  5:39  Drone  
  83  5:42  Drone x2  
  82  5:47  Glial Reconstitution  
  82  5:49  Hydralisk Den, Drone  
  82  5:54  Drone  
  82  5:55  Drone x6  
  89  5:59  Overseer  
  89  6:00  Overlord  
  89  6:04  Overlord  
  89  6:05  Drone x2  
  91  6:13  Roach x3  
  91  6:17  Overlord x2  
  97  6:20  Muscular Augments, Overlord  
  97  6:22  Overlord x2  
  97  6:27  Roach x4  
  97  6:32  Extractor  
  104  6:37  Hydralisk x6  
  116  6:44  Hydralisk x2  
  116  6:45  Hydralisk x2  
  124  6:52  Overlord  
  124  6:55  Overseer  
  124  6:57  Roach x5  
  124  6:59  Overlord  
  134  7:01  Zergling x2  
  134  7:02  Zergling x6  
  138  7:10  Roach  
  138  7:11  Roach  
  142  7:20  Roach x7  
  156  7:25  Overlord x3  
  156  7:27  Roach  
  156  7:28  Roach  
  160  7:31  Grooved Spines  
  160  7:35  Roach x6  
  170  7:44  Roach x6  
  170  7:47  Zerg Missile Weapons Level 2  
  170  7:48  Zergling x2  
  183  7:53  Hydralisk x2  
  183  7:54  Zergling x6  
  189  8:02  Roach x3  
  195  8:12  Hydralisk x4  
  198  8:24  Overlord x2  
  196  8:29  Infestation Pit  
  196  8:30  Roach  
  196  8:31  Roach x2, Extractor  
  196  8:33  Overlord  
  196  8:38  Hydralisk  
  198  8:47  Hatchery  
  194  8:49  Overlord x4  
  186  8:56  Hydralisk  
  186  8:57  Hydralisk x3  
  186  9:01  Zergling x26  
  176  9:06  Hive  
  164  9:15  Roach x4  
  154  9:22  Hydralisk x3  
  150  9:28  Lurker Den  
  150  9:30  Hydralisk x5  
  149  9:37  Hydralisk x2  
  147  9:42  Hydralisk x3  
  153  9:50  Drone  
  153  9:51  Drone x4  
  158  9:54  Drone  
  158  9:56  Hydralisk x2  
  163  10:03  Zerg Melee Weapons Level 1  
  163  10:09  Roach  
  163  10:10  Roach x6  
  176  10:28  Drone x2  
  176  10:30  Extractor  
  176  10:31  Seismic Spines  
  176  10:35  Lurker x8  
  183  10:37  Drone  
  183  10:38  Drone x3  
  183  10:39  Drone x2, Evolution Chamber  
  183  10:42  Lurker x3  
  188  10:43  Drone x2  
  188  10:46  Hydralisk x2, Extractor  
  188  10:47  Hydralisk x2  
  196  11:05  Hydralisk x2  
  198  11:13  Zerg Missile Weapons Level 3  
  198  11:21  Drone x2, Spine Crawler  
  198  11:22  Drone, Spine Crawler  
  198  11:23  Drone, Spine Crawler x2  
  198  11:27  Lurker x2  
  198  11:28  Adaptive Talons  
  198  11:31  Drone  
  195  11:34  Drone  
  195  11:35  Drone x2  
  195  11:38  Zergling x14  
  195  11:39  Zergling x10  
  198  11:45  Hydralisk  
  200  11:49  Adrenal Glands  
  200  11:50  Overlord x2  
  200  11:56  Overlord  
  196  12:02  Zerg Melee Weapons Level 2  
  196  12:05  Zergling x4  
  190  12:09  Hydralisk x4  
  190  12:10  Hydralisk x4  
  190  12:14  Hydralisk x9  
  180  12:29  Lurker x2, Hydralisk x2  
  179  12:30  Hydralisk x4  
  188  12:37  Hydralisk x5  
  195  12:48  Lurker x5  
  200  12:53  Spine Crawler  
  200  12:54  Spine Crawler  
  198  13:04  Hydralisk x4  
  197  13:11  Hydralisk x5  
  197  13:12  Zergling x14  
  194  13:19  Hydralisk  
  181  13:20  Hydralisk x4  
  187  13:33  Hydralisk x6  
  188  13:43  Overlord  
  188  13:50  Zerg Ground Armor Level 1  
  188  13:51  Overlord  
  184  14:04  Hydralisk x6  
  184  14:05  Hydralisk x2  
  200  14:10  Spire  
  199  14:17  Lurker  
  194  14:36  Lurker x3  
  186  14:38  Lurker x8  
  186  14:39  Hydralisk  
  186  14:42  Zergling x34  
  197  14:50  Overseer x3, Hatchery  
  196  14:54  Hydralisk  
  196  14:56  Overseer  
  178  15:23  Hydralisk  
  178  15:24  Hydralisk x15  
  178  15:25  Hydralisk  
  178  15:28  Zergling x2  
  168  15:29  Zergling x8  
  168  15:33  Hydralisk  
  168  15:34  Hydralisk  
  149  15:47  Hydralisk  
  149  15:48  Hydralisk x6  
  163  15:53  Zergling x8  
  163  15:55  Lurker  
  162  16:04  Lurker x3  
  162  16:05  Lurker x3  
  162  16:06  Hydralisk x2  
  171  16:12  Lurker  
  171  16:15  Zergling x10  
  177  16:19  Hydralisk x2  
  179  16:25  Overseer  
  178  16:34  Lurker  
  178  16:39  Zergling x24  
  191  16:41  Lurker x4  
  191  16:45  Hydralisk x3  
  196  17:01  Zergling x6  
Tags
 
Add a new tag
Caveats
  • Supply blocks, unpowered buildings, or Contaminate may cause inaccurate times.
  • Supply counts are checked every 10 seconds.